 Dungeon Crawl Stone Soup version 0.31-a0-221-gbddc013574 (webtiles) character file.

Game seed: 18376195435964899139

43333 qw the Marksminotaur (level 13, 0/103 HPs)
             Began as a Minotaur Hexslinger on July 4, 2023.
             Was a High Priest of Okawaru.
             Killed from afar by a rime drake (9 damage)
             ... with an icy flash freeze
             ... on level 5 of the Lair of Beasts.
             The game lasted 00:54:21 (34203 turns).

qw the Marksminotaur (Minotaur Hexslinger)         Turns: 34203, Time: 00:54:22

Health: 0/103      AC: 17    Str: 13    XL:     13   Next: 90%
Magic:  19/19      EV: 27    Int: 10    God:    Okawaru [*****.]
Gold:   1075       SH:  0    Dex: 18    Spells: 13/14 levels left

rFire   + . .        s - +1 triple crossbow (heavy)
rCold   . . .        (shield currently unavailable)
rNeg    . . .        m - +0 steam dragon scales
rPois   .            t - +2 hat {SInv}
rElec   .            q - +1 cloak {Stlth+}
rCorr   .            w - +2 pair of gloves {Stlth+}
SInv    +            o - +0 pair of boots
Will    .....        y - amulet of faith
Stlth   +++++        b - ring of protection from fire
HPRegen 0.37/turn    f - +5 ring of evasion
MPRegen 0.16/turn

%: faith
@: about to teleport, heroic
A: horns 2, retaliatory headbutt
a: Renounce Religion, Heroism, Finesse, Duel


You were on level 5 of the Lair of Beasts.
You worshipped Okawaru.
Okawaru was extremely pleased with you.
You visited 2 branches of the dungeon, and saw 16 of its levels.

You collected 1075 gold pieces.


Innate Abilities, Weirdness & Mutations

You have a pair of horns on your head.
You reflexively headbutt those who attack you in melee.


   Skills:
 - Level 12.0(17.0) Fighting
 + Level 18.3(23.3) Ranged Weapons
 - Level 7.1(12.1) Armour
 - Level 10.0(15.0) Dodging
 - Level 1.0 Spellcasting
 - Level 2.0 Hexes
 - Level 10.0 Invocations


You had 13 spell levels left.
You knew the following spells:

 Your Spells              Type           Power      Damage    Failure   Level
a - Slow                  Hex            16%        N/A       16%         1

Your spell library contained the following spells:

 Spells                   Type           Power      Damage    Failure   Level
 Inner Flame              Hex/Fire       2%         N/A       56%         3
 Portal Projectile        Hex/Tloc       4%         N/A       56%         3
 Cause Fear               Hex            2%         N/A       83%         4

Inventory:

Hand Weapons
 s - a +1 heavy triple crossbow (weapon)
Armour
 m - +0 steam dragon scales (worn)
 o - a +0 pair of boots (worn)
 q - a +1 cloak of stealth (worn)
 t - a +2 hat of see invisible (worn)
 w - a +2 pair of gloves of stealth (worn)
Jewellery
 b - a ring of protection from fire (left hand)
 c - a ring of fire
 e - the amulet "Kontalac" {Reflect Rampage rC+ SH+5}
   (You found it on level 5 of the Dungeon)

   [amulet of reflection]

   It reflects blocked missile attacks.
   rC:        It protects you from cold.
   SH:        It affects your SH (+5).
   Rampage:   It bestows one free step when moving towards enemies.
 f - a +5 ring of evasion (right hand)
 i - a ring of see invisible
 r - a ring of protection from cold
 y - an amulet of faith (around neck)
Wands
 n - a wand of digging (18)
Scrolls
 k - 3 scrolls of identify
 v - 2 scrolls of teleportation
Potions
 a - 5 potions of heal wounds
 d - 3 potions of might
 g - 2 potions of magic
 h - a potion of mutation {unknown}
 j - 2 potions of resistance
 l - a potion of curing
 p - a potion of cancellation

Dungeon Overview and Level Annotations

Branches:
Dungeon (11/15)            Temple (0/1) D:5            Lair (5/5) D:11
 Shoals (0/4) Lair:3        Snake (0/4) Lair:2        Slime (0/5) Lair:4
    Orc (0/2) D:10

Altars:
Ashenzari
Dithmenos
Elyvilon
Gozag
Hepliaklqana
Nemelex Xobeh
Okawaru
Trog
Wu Jian
Xom
Yredelemnul
Jiyva

Shops:
D:6 :

Portals:
Trove: D:10 (show slimy rune of Zot)

Annotations:
D:6 2 runed translucent doors, qw's ghost, novice GrHs


Message History

The elephant trunk-slaps you. The yak completely misses you.
You furiously retaliate!
You headbutt the yak. The rime drake misses you. The yak closely misses you.
The yak misses you.
You shoot a bolt. The bolt hits the yak!!!!
You kill the yak!
Okawaru accepts your kill. The rime drake completely misses you.
You furiously retaliate!
You headbutt the rime drake. The yak completely misses you. x2
The elephant completely misses you.
The elephant trunk-slaps you but does no damage.
The blink frog closely misses you. The rime drake barely misses you.
You furiously retaliate!
You headbutt the rime drake.
A basilisk comes into view.
The yak barely misses you. You furiously retaliate!
You headbutt the yak! The blink frog misses you.
The yak gores you but does no damage.
The elephant tramples you but does no damage.
The elephant trunk-slaps you but does no damage.
You shoot a bolt. The basilisk hisses angrily.
The bolt hits the yak!!
You kill the yak!
Okawaru accepts your kill. The blink frog hits you!
The rime drake bites you but does no damage.
The yak gores you. The elephant completely misses you.
The elephant closely misses you. The blink frog completely misses you.
You furiously retaliate!
You headbutt the blink frog! The rime drake barely misses you.
The yak gores you! The elephant misses you. You furiously retaliate!
You headbutt the elephant! The elephant barely misses you.
34203 ||| READING 3 scrolls of teleportation.
As you read the scroll of teleportation, it crumbles to dust.
You feel strangely unstable. The blink frog closely misses you.
The cane toad completely misses you. The rime drake completely misses you.
You furiously retaliate!
You headbutt the rime drake.
The blink frog blinks!
The blink frog closely misses you. The cane toad completely misses you.
The rime drake breathes ice at you. The icy flash freeze hits you!
You die...

#...... ####...#.##
##.##...#..# #........##
## ###.....#...#####.
#.......#.........
#.......#.........
##F...<...........
#@Y¤...F..........
...%..kFY...............
..#....F...P......#.....
####..................
#.........#..../...
..l................
..........#.......P.
..........#...#.....
...#.#.....


You could see an elephant, a yak, a cane toad, a basilisk, 3 blink frogs and a
rime drake (catching breath).

Vanquished Creatures
  4 hydras
  4 two-headed ogres
  5 death yaks (Lair:1)
  2 skysharks (Lair:5)
  Amaemon (D:9)
  An ugly thing (D:7)
  8 centaur zombies (D:10)
  3 black mambas
  6 elephants
  A gargoyle (D:10)
  12 cane toads
  An orange demon (D:9)
  Maggie (D:6)
  2 rime drakes (Lair:2)
  8 komodo dragons
  A troll (D:11)
  2 polar bears
  A hornet (D:9)
  21 blink frogs
  Sigmund (D:5)
  2 slime creatures (D:8)
  A shadow (D:11)
  A vampire (D:11)
  38 yaks
  Eustachio (D:5)
  3 basilisks
  6 wyverns
  4 vampire mosquitoes (D:10)
  A steam dragon (D:8)
  Edmund (D:5)
  A naga (Lair:2)
  11 water moccasins
  2 sky beasts
  4 ice beasts
  3 orc warriors
  5 black bears
  2 ogres
  19 wolves
  5 centaurs
  6 phantoms
  3 kobold brigands
  9 bullfrogs
  A gnoll sergeant (D:9)
  3 scorpions
  6 wights (D:9)
  A troll zombie (D:10)
  3 killer bees (D:11)
  3 hounds
  4 jellies
  5 orc priests
  3 iguanas
  3 sleepcaps (D:5)
  9 orc wizards
  5 ogre zombies (D:10)
  2 howler monkey zombies (D:10)
  13 gnolls
  6 adders
  A river rat (D:5)
  3 white imps
  2 ufetubi
  A worm (D:2)
  3 dart slugs
  35 orcs
  6 endoplasms
  2 giant cockroaches (D:5)
  9 goblins
  4 hobgoblins
  7 quokkas
  7 ball pythons
  3 bats
  4 frilled lizards
  A goblin zombie (D:10)
  2 hobgoblin skeletons (D:10)
  20 kobolds
  3 orc skeletons (D:10)
  12 orc zombies (D:10)
  9 rats
414 creatures vanquished.

Vanquished Creatures (others)
  An ogre (D:6)
  A kobold brigand (D:9)
  A howler monkey (D:6)
  A hound (D:6)
  2 orcs (D:6)
6 creatures vanquished.

Grand Total: 420 creatures vanquished

Notes
Turn   | Place    | Note
-------+----------+-------------------------------------------
     0 | D:1      | qw the Minotaur Hexslinger began the quest for the Orb.
     0 | D:1      | Reached XP level 1. HP: 16/16 MP: 1/1
     0 | D:1      | 0 ||| qw: Version: 0.3-a-41-g9d075ac
     0 | D:1      | 0 ||| qw: Game counter: 689
     0 | D:1      | 0 ||| qw: Melee chars always use a shield: true
     0 | D:1      | 0 ||| qw: God list: Okawaru
     0 | D:1      | 0 ||| qw: Allow faded altars: false
     0 | D:1      | 0 ||| qw: Do Orc after clearing Dungeon:15 true
     0 | D:1      | 0 ||| qw: Do second Lair branch before Depths: true
     0 | D:1      | 0 ||| qw: Lair rune preference: random
     0 | D:1      | 0 ||| qw: Goals: Normal
     0 | D:1      | 0 ||| PLANNING D:1-11
    14 | D:1      | 14 ||| FLEEEEING.
    16 | D:1      | 16 ||| FLEEEEING.
    17 | D:1      | 17 ||| FLEEEEING.
   309 | D:1      | Reached skill level 3 in Ranged Weapons
   373 | D:1      | Reached XP level 2. HP: 23/23 MP: 2/2
   625 | D:1      | 625 ||| UPGRADING to +0 leather armour.
   635 | D:1      | 635 ||| DROPPING +0 robe.
   636 | D:1      | 636 ||| DRINKING 2 amethyst potions.
   637 | D:1      | 637 ||| DROPPING scroll of poison.
  1092 | D:2      | HP: 3/24 [gnoll/+0 halberd (8)]
  1093 | D:2      | 1093 ||| DRINKING 2 potions of heal wounds.
  1095 | D:2      | Reached XP level 3. HP: 29/29 MP: 3/3
  1098 | D:2      | Reached skill level 4 in Ranged Weapons
  1103 | D:2      | HP: 6/29 [gnoll/+0 spear (3)]
  1104 | D:2      | 1104 ||| DRINKING potion of heal wounds.
  1348 | D:2      | Reached XP level 4. HP: 30/36 MP: 4/4
  1716 | D:2      | 1716 ||| READING scroll labelled ISTRAJ KUTTIPPA.
  1717 | D:2      | 1717 ||| READING scroll labelled PUS UD TEO.
  1718 | D:2      | 1718 ||| READING scroll labelled VEUCIAWNAB.
  1718 | D:2      | Identified a scroll of acquirement
  1718 | D:2      | 1718 ||| ACQUIRING +0 orcbow of freezing
  1718 | D:2      | Acquired a +0 orcbow of freezing
  1720 | D:2      | 1720 ||| SWAPPING to +0 orcbow of freezing.
  1721 | D:2      | 1721 ||| DROPPING +1 sling.
  1722 | D:2      | 1722 ||| READING scroll labelled QIORAKHLADU.
  1723 | D:2      | 1723 ||| READING 2 scrolls labelled HERPHE EGHUR.
  1724 | D:2      | 1724 ||| READING scroll labelled XYCOLI RYHALOKK.
  1790 | D:3      | 1790 ||| FLEEEEING.
  1791 | D:3      | 1791 ||| FLEEEEING.
  1792 | D:3      | 1792 ||| FLEEEEING.
  1793 | D:3      | 1793 ||| FLEEEEING.
  1794 | D:3      | 1794 ||| FLEEEEING.
  1795 | D:3      | 1795 ||| FLEEEEING.
  1796 | D:3      | 1796 ||| FLEEEEING.
  1797 | D:3      | 1797 ||| STAIRDANCE
  2055 | D:3      | Reached skill level 5 in Ranged Weapons
  2596 | D:3      | Reached skill level 3 in Fighting
  2706 | D:3      | 2706 ||| UPGRADING to +0 ring mail.
  2716 | D:3      | 2716 ||| DROPPING +0 leather armour.
  2717 | D:3      | 2717 ||| DROPPING ring of flight.
  2718 | D:3      | 2718 ||| DRINKING 3 grey potions.
  2719 | D:3      | 2719 ||| READING 2 scrolls of identify.
  2719 | D:3      | 2719 ||| IDENTIFYING fizzy puce potion
  2720 | D:3      | 2720 ||| DROPPING potion of lignification.
  2741 | D:4      | Found a broken altar of Ashenzari.
  2759 | D:4      | Reached XP level 5. HP: 40/45 MP: 5/5
  3194 | D:4      | 3194 ||| FLEEEEING.
  3195 | D:4      | 3195 ||| FLEEEEING.
  3196 | D:4      | 3196 ||| FLEEEEING.
  3197 | D:4      | 3197 ||| FLEEEEING.
  3198 | D:4      | 3198 ||| FLEEEEING.
  3199 | D:4      | 3199 ||| FLEEEEING.
  3200 | D:4      | 3200 ||| FLEEEEING.
  3201 | D:4      | 3201 ||| FLEEEEING.
  3202 | D:4      | 3202 ||| FLEEEEING.
  3203 | D:4      | 3203 ||| FLEEEEING.
  3204 | D:4      | 3204 ||| FLEEEEING.
  3205 | D:4      | 3205 ||| FLEEEEING.
  3206 | D:4      | 3206 ||| FLEEEEING.
  3207 | D:4      | 3207 ||| FLEEEEING.
  3208 | D:4      | 3208 ||| FLEEEEING.
  3209 | D:4      | 3209 ||| FLEEEEING.
  3210 | D:4      | 3210 ||| FLEEEEING.
  3211 | D:4      | 3211 ||| FLEEEEING.
  3212 | D:4      | 3212 ||| FLEEEEING.
  3213 | D:4      | 3213 ||| FLEEEEING.
  3214 | D:4      | 3214 ||| FLEEEEING.
  3215 | D:4      | 3215 ||| FLEEEEING.
  3216 | D:4      | 3216 ||| FLEEEEING.
  3217 | D:4      | 3217 ||| FLEEEEING.
  3218 | D:4      | 3218 ||| FLEEEEING.
  3219 | D:4      | 3219 ||| FLEEEEING.
  3220 | D:4      | 3220 ||| FLEEEEING.
  3221 | D:4      | 3221 ||| FLEEEEING.
  3222 | D:4      | 3222 ||| FLEEEEING.
  3223 | D:4      | 3223 ||| FLEEEEING.
  3224 | D:4      | 3224 ||| FLEEEEING.
  3225 | D:4      | 3225 ||| FLEEEEING.
  3226 | D:4      | 3226 ||| FLEEEEING.
  3227 | D:4      | 3227 ||| FLEEEEING.
  3635 | D:4      | Found a bloodstained altar of Trog.
  3641 | D:4      | Reached skill level 6 in Ranged Weapons
  3645 | D:4      | 3645 ||| UPGRADING to ring of see invisible.
  3646 | D:4      | 3646 ||| READING scroll labelled GUSIT MIDITOKO.
  3647 | D:4      | 3647 ||| READING scroll labelled SOTOL BOHOMOMEYFU.
  3648 | D:4      | 3648 ||| DRINKING 3 fuming ruby potions.
  3649 | D:4      | 3649 ||| DROPPING 2 potions of attraction.
  3726 | D:5      | Entered Level 5 of the Dungeon
  3726 | D:5      | Noticed an ice beast
  3726 | D:5      | Noticed Sigmund
  3727 | D:5      | 3727 ||| PLANNING SEWER
  3728 | D:5      | Killed an ice beast
  3729 | D:5      | Reached XP level 6. HP: 52/52 MP: 6/6
  3729 | D:5      | 3729 ||| STAIRDANCE
  3731 | D:4      | 3731 ||| DRINKING 3 potions of curing.
  3731 | D:4      | 3731 ||| (to cure confusion)
  3738 | D:5      | 3738 ||| STAIRDANCE
  3740 | D:5      | 3740 ||| STAIRDANCE
  3742 | D:4      | 3742 ||| DRINKING 2 potions of curing.
  3742 | D:4      | 3742 ||| (to cure confusion)
  3749 | D:5      | Killed Sigmund
  3750 | D:5      | Reached skill level 7 in Ranged Weapons
  3750 | D:5      | Reached XP level 7. HP: 55/59 MP: 7/7
  3857 | D:5      | Found an iron altar of Okawaru.
  3893 | D:5      | Identified the amulet "Kontalac" {Reflect Rampage rC+ SH+5}
  3967 | D:5      | Noticed Edmund
  3976 | D:5      | Killed Edmund
  3977 | D:5      | Reached skill level 8 in Ranged Weapons
  4305 | D:5      | Found a staircase to the Ecumenical Temple.
  4389 | D:5      | 4389 ||| Stepping ~*~*~tactically~*~*~ (water).
  4415 | D:5      | Reached skill level 9 in Ranged Weapons
  4415 | D:5      | Reached XP level 8. HP: 68/68 MP: 8/8
  4422 | D:5      | Found a glowing drain.
  4427 | D:5      | 4427 ||| UPGRADING to amulet "Kontalac" {Reflect Rampage
                  | rC+ SH+5}.
  4432 | D:5      | 4432 ||| UPGRADING to +5 ring of evasion.
 23253 | D:5      | Glimpsed the power of Zot.
 23631 | D:5      | Glimpsed the power of Zot.
 23945 | D:5      | Glimpsed the power of Zot.
 24018 | D:5      | Touched by the power of Zot (MHP 68 -> 54)
 24019 | D:5      | 24019 ||| RIP SEWER
 24019 | D:5      | 24019 ||| PLANNING OKAWARU WORSHIP
 24019 | D:5      | Glimpsed the power of Zot.
 24061 | D:5      | Became a worshipper of Warmaster Okawaru
 24062 | D:5      | 24062 ||| PLANNING D:1-11
 24148 | D:5      | Noticed Eustachio
 24154 | D:5      | Killed Eustachio
 24155 | D:5      | Reached skill level 3 in Dodging
 24302 | D:6      | Found an ornate altar of the Wu Jian Council.
 24326 | D:6      | 24326 ||| FLEEEEING.
 24327 | D:6      | 24327 ||| FLEEEEING.
 24328 | D:6      | 24328 ||| FLEEEEING.
 24336 | D:6      | Reached skill level 6 in Fighting
 24437 | D:6      | Found a runed translucent door.
 24440 | D:6      | Noticed qw's ghost (novice GrHs)
 24455 | D:6      | Found a runed translucent door.
 24463 | D:6      | Found a shimmering altar of Xom.
 24473 | D:6      | 24473 ||| Stepping ~*~*~tactically~*~*~ (water).
 24484 | D:6      | Reached * piety under Okawaru
 24486 | D:6      | 24486 ||| INVOKING Heroism.
 24493 | D:6      | Reached skill level 10 in Ranged Weapons
 24578 | D:6      | Found Xyfi's Book Emporium.
 24619 | D:6      | Noticed Maggie
 24639 | D:6      | HP: 11/55 [Maggie/+2 halberd of protection (7)]
 24640 | D:6      | 24640 ||| DRINKING 2 potions of heal wounds.
 24642 | D:6      | Killed Maggie
 24645 | D:6      | 24645 ||| INVOKING Heroism.
 24802 | D:6      | 24802 ||| INVOKING Heroism.
 24806 | D:6      | Reached skill level 1 in Invocations
 24806 | D:6      | Reached XP level 9. HP: 43/63 MP: 6/9
 24960 | D:6      | 24960 ||| INVOKING Heroism.
 25114 | D:6      | 25114 ||| INVOKING Heroism.
 25235 | D:6      | 25235 ||| UPGRADING to +0 steam dragon scales.
 25245 | D:6      | 25245 ||| DROPPING +0 ring mail.
 25246 | D:6      | 25246 ||| READING 2 scrolls of identify.
 25246 | D:6      | 25246 ||| IDENTIFYING viscous clear potion
 25274 | D:7      | 25274 ||| INVOKING Heroism.
 25289 | D:7      | Reached skill level 3 in Invocations
 25525 | D:7      | 25525 ||| INVOKING Heroism.
 25539 | D:7      | Reached skill level 11 in Ranged Weapons
 25578 | D:7      | 25578 ||| INVOKING Heroism.
 25644 | D:7      | 25644 ||| INVOKING Heroism.
 25698 | D:7      | Noticed a brown ugly thing
 25703 | D:7      | 25703 ||| INVOKING Heroism.
 25711 | D:7      | HP: 15/63 [poisoned by a kobold brigand]
 25712 | D:7      | 25712 ||| DRINKING potion of heal wounds.
 25712 | D:7      | HP: 7/63 [acid (10)]
 25715 | D:7      | Killed a brown ugly thing
 25716 | D:7      | Reached skill level 6 in Dodging
 25718 | D:7      | Reached ** piety under Okawaru
 26025 | D:7      | 26025 ||| INVOKING Heroism.
 26098 | D:7      | 26098 ||| INVOKING Heroism.
 26239 | D:7      | 26239 ||| UPGRADING to +0 cloak.
 26244 | D:7      | 26244 ||| DROPPING +6 ring of intelligence.
 26282 | D:8      | 26282 ||| INVOKING Heroism.
 26322 | D:8      | Noticed a two-headed ogre
 26323 | D:8      | Reached XP level 10. HP: 71/71 MP: 12/12
 26323 | D:8      | 26323 ||| INVOKING Heroism.
 26335 | D:8      | Killed a two-headed ogre
 26336 | D:8      | Reached skill level 12 in Ranged Weapons
 26501 | D:8      | 26501 ||| FLEEEEING.
 26508 | D:8      | 26508 ||| INVOKING Heroism.
 27015 | D:8      | Found a hazy altar of Hepliaklqana.
 27133 | D:8      | 27133 ||| UPGRADING to +1 cloak of stealth.
 27143 | D:8      | 27143 ||| DROPPING +0 cloak.
 27144 | D:8      | 27144 ||| READING scroll labelled GOALURHUIS.
 27245 | D:8      | 27245 ||| READING scroll labelled INOATU BOSI.
 27246 | D:8      | 27246 ||| READING 2 scrolls of identify.
 27246 | D:8      | 27246 ||| IDENTIFYING bubbling inky potion
 27291 | D:9      | Found a sparkling altar of Nemelex Xobeh.
 27409 | D:9      | 27409 ||| INVOKING Heroism.
 27665 | D:9      | Reached skill level 13 in Ranged Weapons
 27694 | D:9      | Found a shadowy altar of Dithmenos.
 27716 | D:9      | 27716 ||| INVOKING Heroism.
 27721 | D:9      | HP: 16/74 [yak (11)]
 27722 | D:9      | HP: 3/74 [yak (14)]
 27724 | D:9      | Reached skill level 9 in Fighting
 27724 | D:9      | Reached *** piety under Okawaru
 27856 | D:9      | Noticed Amaemon
 27857 | D:9      | 27857 ||| FLEEEEING.
 27858 | D:9      | 27858 ||| FLEEEEING.
 27859 | D:9      | 27859 ||| FLEEEEING.
 27860 | D:9      | 27860 ||| FLEEEEING.
 27861 | D:9      | 27861 ||| FLEEEEING.
 27987 | D:9      | 27987 ||| INVOKING Heroism.
 27992 | D:9      | Noticed an orange demon
 28002 | D:9      | Killed Amaemon
 28010 | D:9      | Killed an orange demon
 28029 | D:9      | Found an opulent altar of Gozag.
 28059 | D:9      | Found a white marble altar of Elyvilon.
 28071 | D:9      | 28071 ||| READING scroll labelled REPROT FAUMY.
 28073 | D:9      | Reached **** piety under Okawaru
 28074 | D:9      | Reached skill level 14 in Ranged Weapons
 28251 | D:9      | 28251 ||| READING scroll labelled TIGUGOE ZAJEA.
 28252 | D:9      | 28252 ||| DRINKING 4 cyan potions.
 28253 | D:9      | 28253 ||| DRINKING 2 bubbling white potions.
 28254 | D:9      | 28254 ||| READING 2 scrolls of identify.
 28254 | D:9      | 28254 ||| IDENTIFYING emerald potion
 28255 | D:9      | 28255 ||| DROPPING 3 potions of degeneration.
 28256 | D:9      | 28256 ||| DROPPING potion of berserk rage.
 28257 | D:9      | 28257 ||| DROPPING potion of invisibility.
 28291 | D:10     | Entered Level 10 of the Dungeon
 28355 | D:10     | 28355 ||| Stepping ~*~*~tactically~*~*~ (outnumbered).
 28357 | D:10     | Reached XP level 11. HP: 73/82 MP: 13/13
 28440 | D:10     | 28440 ||| INVOKING Heroism.
 28640 | D:10     | 28640 ||| INVOKING Heroism.
 28966 | D:10     | Reached skill level 6 in Invocations
 28971 | D:10     | Reached ***** piety under Okawaru
 28984 | D:10     | Found a staircase to the Orcish Mines.
 29007 | D:10     | 29007 ||| INVOKING Heroism.
 29021 | D:10     | HP: 4/83 [gargoyle/stone arrow (30)]
 29028 | D:10     | 29028 ||| FLEEEEING.
 29029 | D:10     | 29029 ||| FLEEEEING.
 29055 | D:10     | 29055 ||| FLEEEEING.
 29056 | D:10     | 29056 ||| FLEEEEING.
 29595 | D:10     | Found a portal to a secret trove of treasure.
 29658 | D:10     | Found a basalt altar of Yredelemnul.
 29814 | D:10     | 29814 ||| READING 2 scrolls of identify.
 29814 | D:10     | 29814 ||| IDENTIFYING brown potion
 29899 | D:11     | Noticed a two-headed ogre
 29900 | D:11     | 29900 ||| INVOKING Heroism.
 29906 | D:11     | Killed a two-headed ogre
 29906 | D:11     | Identified the +9 arbalest of Autotheism {penet, Dex+5}
                  | (Okawaru gifted it to you on level 11 of the Dungeon)
 29906 | D:11     | Received a gift from Okawaru
 29907 | D:11     | Reached skill level 15 in Ranged Weapons
 29917 | D:11     | 29917 ||| SWAPPING to +9 arbalest of Autotheism {penet,
                  | Dex+5}.
 29918 | D:11     | 29918 ||| DROPPING +1 orcbow of electrocution.
 30003 | D:11     | 30003 ||| INVOKING Heroism.
 30151 | D:11     | Noticed a two-headed ogre
 30152 | D:11     | 30152 ||| INVOKING Heroism.
 30159 | D:11     | Killed a two-headed ogre
 30228 | D:11     | Found a staircase to the Lair.
 30273 | D:11     | 30273 ||| Stepping ~*~*~tactically~*~*~ (outnumbered).
 30275 | D:11     | 30275 ||| Stepping ~*~*~tactically~*~*~ (outnumbered).
 30279 | D:11     | Noticed a two-headed ogre
 30280 | D:11     | 30280 ||| INVOKING Heroism.
 30281 | D:11     | 30281 ||| Stepping ~*~*~tactically~*~*~ (outnumbered).
 30283 | D:11     | Reached XP level 12. HP: 83/91 MP: 14/17
 30326 | D:11     | Killed a two-headed ogre
 30642 | D:11     | 30642 ||| PLANNING LAIR
 30642 | D:11     | 30642 ||| UPGRADING to +0 pair of boots.
 30680 | Lair:1   | Entered Level 1 of the Lair of Beasts
 30769 | Lair:1   | 30769 ||| INVOKING Heroism.
 30774 | Lair:1   | Reached skill level 9 in Invocations
 30816 | Lair:1   | Noticed a death yak
 30816 | Lair:1   | Noticed a death yak
 30817 | Lair:1   | 30817 ||| INVOKING Heroism.
 30818 | Lair:1   | 30818 ||| INVOKING Finesse.
 30820 | Lair:1   | Noticed a death yak
 30824 | Lair:1   | Noticed a death yak
 30826 | Lair:1   | Killed a death yak
 30827 | Lair:1   | Reached skill level 9 in Dodging
 30832 | Lair:1   | Killed a death yak
 30832 | Lair:1   | Noticed a death yak
 30833 | Lair:1   | Killed a death yak
 30839 | Lair:1   | Killed a death yak
 30843 | Lair:1   | Killed a death yak
 30973 | Lair:1   | 30973 ||| INVOKING Heroism.
 31042 | Lair:1   | Received a gift from Okawaru
 31045 | Lair:1   | Reached skill level 16 in Ranged Weapons
 31105 | Lair:1   | 31105 ||| INVOKING Heroism.
 31600 | Lair:1   | 31600 ||| UPGRADING to +2 hat of see invisible.
 31605 | Lair:1   | 31605 ||| REMOVING ring of see invisible.
 31606 | Lair:1   | 31606 ||| UPGRADING to ring of protection from fire.
 31607 | Lair:1   | 31607 ||| READING scroll labelled MULURU OS OWIKK.
 31664 | Lair:2   | 31664 ||| INVOKING Heroism.
 31676 | Lair:2   | Noticed a seven-headed hydra
 31686 | Lair:2   | Killed a seven-headed hydra
 31693 | Lair:2   | 31693 ||| INVOKING Heroism.
 31707 | Lair:2   | 31707 ||| FLEEEEING.
 31710 | Lair:2   | 31710 ||| FLEEEEING.
 31711 | Lair:2   | 31711 ||| FLEEEEING.
 31712 | Lair:2   | 31712 ||| FLEEEEING.
 31719 | Lair:2   | 31719 ||| STAIRDANCE
 31855 | Lair:1   | 31855 ||| UPGRADING to +0 pair of gloves.
 31899 | Lair:2   | 31899 ||| INVOKING Heroism.
 31904 | Lair:2   | Reached XP level 13. HP: 101/101 MP: 16/19
 32012 | Lair:2   | Found a staircase to the Snake Pit.
 32019 | Lair:2   | 32019 ||| Stepping ~*~*~tactically~*~*~ (outnumbered).
 32023 | Lair:2   | Reached skill level 6 in Armour
 32028 | Lair:2   | 32028 ||| INVOKING Heroism.
 32067 | Lair:2   | Found a frozen archway.
 32166 | Lair:2   | 32166 ||| INVOKING Heroism.
 32277 | Lair:2   | Reached skill level 17 in Ranged Weapons
 32395 | Lair:2   | 32395 ||| INVOKING Heroism.
 32720 | Lair:3   | 32720 ||| INVOKING Heroism.
 32765 | Lair:3   | 32765 ||| INVOKING Heroism.
 32875 | Lair:3   | 32875 ||| INVOKING Heroism.
 32958 | Lair:3   | Found a staircase to the Shoals.
 33039 | Lair:3   | 33039 ||| INVOKING Heroism.
 33419 | Lair:3   | 33419 ||| UPGRADING to +2 pair of gloves of stealth.
 33429 | Lair:3   | 33429 ||| DROPPING +0 pair of gloves.
 33430 | Lair:3   | 33430 ||| DROPPING amulet of regeneration.
 33431 | Lair:3   | 33431 ||| UPGRADING to amulet of faith.
 33441 | Lair:3   | 33441 ||| DRINKING 2 metallic ruby potions.
 33506 | Lair:4   | Found a staircase to the Slime Pits.
 33506 | Lair:4   | Found a viscous altar of Jiyva.
 33509 | Lair:4   | 33509 ||| INVOKING Heroism.
 33609 | Lair:4   | 33609 ||| INVOKING Heroism.
 33663 | Lair:4   | Reached skill level 18 in Ranged Weapons
 34024 | Lair:4   | 34024 ||| DRINKING 2 purple potions.
 34025 | Lair:4   | 34025 ||| DRINKING 2 potions of curing.
 34025 | Lair:4   | 34025 ||| (to cure confusion)
 34026 | Lair:4   | 34026 ||| DROPPING potion of ambrosia.
 34060 | Lair:5   | Entered Level 5 of the Lair of Beasts
 34087 | Lair:5   | Reached skill level 12 in Fighting
 34094 | Lair:5   | Received a gift from Okawaru
 34097 | Lair:5   | 34097 ||| SWAPPING to +0 triple crossbow of draining.
 34098 | Lair:5   | 34098 ||| DROPPING +9 arbalest of Autotheism {penet,
                  | Dex+5}.
 34099 | Lair:5   | 34099 ||| READING scroll of brand weapon.
 34099 | Lair:5   | 34099 ||| BRANDING +0 triple crossbow of draining.
 34100 | Lair:5   | 34100 ||| READING scroll of enchant weapon.
 34100 | Lair:5   | 34100 ||| ENCHANTING +0 heavy triple crossbow.
 34121 | Lair:5   | 34121 ||| INVOKING Heroism.
 34167 | Lair:5   | 34167 ||| INVOKING Heroism.
 34202 | Lair:5   | HP: 19/103 [blink frog (14)]
 34202 | Lair:5   | HP: 8/103 [yak (10)]
 34203 | Lair:5   | 34203 ||| READING 3 scrolls of teleportation.
 34203 | Lair:5   | Killed from afar by a rime drake

Levels and vault maps discovered:
D:1:      onia_arrival_pyramid, layout_loops_ring, minivault_11
D:2:      layout_basic
D:3:      layout_basic
D:4:      layout_basic, mainiacjoe_overflow_alcove_2,
          cheibrodos_ashenzari_chains, kennysheep_doodads
D:5:      layout_loops_ring, mainiacjoe_overflow_brackets,
          minmay_temple_entry_mist, gup_sewer_entry_bubbles, grunt_ministairs_4,
          hellmonk_no_cap, uniq_edmund, uniq_sigmund, uniq_eustachio
D:6:      layout_gridville, xom_confusion_cloud, lemuel_crystal_altar,
          ebering_ghost_sewer_f, serial_shops, shop_statue, nrook_campfire,
          hex_tiny, uniq_maggie
D:7:      minmay_inner_zag, layout_basic
D:8:      layout_basic, amcnicky_altar_gilded, nicolae_sextant,
          nicolae_the_louvre
D:9:      layout_cross, nicolae_dithmenos_through_a_glass_darkly,
          nemelex_altar_shiori, mainiacjoe_overflow_catwalk_spiral, uniq_amaemon
D:10:     layout_roguey, nicolae_yredelemnul_corpse_copse, zombieorc1_lemuel,
          nicolae_trove_entry_crystal, minmay_misc_feat_square,
          lemuel_flamethrower_2
D:11:     layout_basic, minmay_lair_entry_grove, st_stairs_1
Lair:1:   layout_roguey, serial_bayou_shore_b
Lair:2:   layout_loops_ring, guppyfry_snake_entry_island, portal_ice_cave_rime,
          beast_lair_carwin_1, infiniplex_staircase_pool_2
Lair:3:   layout_regular_city, elwin_shoals_entry_rocks, grunt_megastairs_3
Lair:4:   layout_roguey, slime_entry_1, chequers_serial_rivers_micro_b,
          st_stairs_9, grunt_megastairs_1, lemuel_fruit_tree
Lair:5:   grunt_lair_end_beastmaster, layout_misc_corridors,
          kilobyte_rumbling_trees

Skill      XL: |  1  2  3  4  5  6  7  8  9 10 11 12 13 |
---------------+----------------------------------------+-----
Ranged Weapons | 3 4 5 6 7 9 10 11 14 15 16 18 | 18.3
Fighting       | 2 3 4 5 7 9 10 11 12 | 12.0
Armour         | 2 4 5 7 |  7.1
Dodging        | 3 6 7 9 10 | 10.0
Invocations    | 1 4 8 10 | 10.0
Spellcasting   | |  1.0
Hexes          | |  2.0

Action                     |  1- 3 |  4- 6 |  7- 9 | 10-12 | 13-15 || total
---------------------------+-------+-------+-------+-------+-------++-------
   Fire: Sling             |   103 |    12 |       |       |       ||   115
         Orcbow            |       |   136 |   295 |   430 |       ||   861
         Arbalest          |       |       |       |   206 |   217 ||   423
         Triple crossbow   |       |       |       |       |    29 ||    29
 Invoke: Heroism           |       |       |    13 |    19 |    11 ||    43
         Finesse           |       |       |       |     1 |       ||     1
    Use: Potion            |     3 |     4 |     2 |     2 |     3 ||    14
         Scroll            |       |     9 |     1 |     8 |     3 ||    21
 Armour: Leather armour    |     8 |    14 |       |       |       ||    22
         Ring mail         |       |     7 |    21 |       |       ||    28
         Steam dragon scal |       |       |     4 |    57 |    45 ||   106
  Dodge: Dodged            |    37 |    57 |    98 |   252 |   194 ||   638
  Block: Other             |       |       |    26 |    55 |     8 ||    89
         Reflection        |       |       |     2 |     1 |       ||     3

Table legend:
 A = Non-vault XP
 B = Vault XP
 C = Vault XP percentage of total XP
 D = Non-vault monster count
 E = Vault monster count
 F = Vault count percentage of total count
                 A         B        C        D         E       F
            +---------+---------+-------+---------+---------+-------
      Total |   47123 |   14782 |  23.9 |     315 |     100 |  24.1
            +---------+---------+-------+---------+---------+-------
        D:1 |      16 |       0 |   0.0 |      10 |       0 |   0.0
        D:2 |      95 |       0 |   0.0 |      26 |       0 |   0.0
        D:3 |      67 |       0 |   0.0 |      27 |       0 |   0.0
        D:4 |     192 |       0 |   0.0 |      18 |       0 |   0.0
        D:5 |     171 |    1096 |  86.5 |       3 |      16 |  84.2
        D:6 |     943 |     667 |  41.4 |      21 |       5 |  19.2
        D:7 |    1009 |    1074 |  51.6 |      24 |       7 |  22.6
        D:8 |    2355 |       0 |   0.0 |      17 |       0 |   0.0
        D:9 |    2012 |    1191 |  37.2 |      25 |       2 |   7.4
       D:10 |    2587 |    4383 |  62.9 |      20 |      38 |  65.5
       D:11 |    3739 |    2521 |  40.3 |      12 |      15 |  55.6
     Lair:1 |   10194 |       0 |   0.0 |      26 |       0 |   0.0
     Lair:2 |    8911 |    1340 |  13.1 |      29 |       6 |  17.1
     Lair:3 |    2826 |     596 |  17.4 |      14 |       2 |  12.5
     Lair:4 |    6205 |    1662 |  21.1 |      24 |       7 |  22.6
     Lair:5 |    5801 |     252 |   4.2 |      19 |       2 |   9.5
            +---------+---------+-------+---------+---------+-------
